AoeStats
← hvon2749

Arabia

504919622Analyzed
2v2 RM · 27d ago on Sep 7, 2026· 29m 22s· 4 players
Game mode
Random Map
Map size
Medium (4 player)
Population
200
Speed
Normal
Resources
Standard
Victory
Conquest
Starting age
Dark Age
Ending age
Imperial Age
RankedLock teamsTeams togetherTeam positionsShared explorationLock speedFull tech treeHidden civsTurbo modeCheats
Victory
Defeat
🇨🇱 Huns · Chile
607
+15
🇦🇷 Teutons · Argentina
607
+15
🇺🇸 Aztecs · United States
604
-16
🇺🇸 Chinese · United States
553
-14
Limo3616
10:39 Feudal Age
16:09 Double-Bit Axe
16:05 Horse Collar
20:00 Castle Age
28:13 Fletching
Facundo✔♫
10:31 Feudal Age
12:28 Man-at-Arms
13:53 Arson
15:21 Double-Bit Axe
20:55 Wheelbarrow
21:44 Fletching
28:06 Castle Age
hvon2749
15:02 Feudal Age
16:35 Loom
18:59 Double-Bit Axe
18:58 Horse Collar
20:35 Wheelbarrow
25:30 Gold Mining
25:31 Stone Mining
31:02 Castle Age
halojumperO2
0:43 Loom
11:09 Feudal Age
12:02 Horse Collar
12:10 Double-Bit Axe
13:17 Gold Mining
16:29 Man-at-Arms
25:02 Scale Mail Armor
27:23 Stone Mining
30:45 Castle Age
29:27 Forging
Connection lost

Rejoining the realm…

Still unreachable

The connection could not be restored.

Session expired

The server has moved on; the page needs a fresh start.